 Dungeon Crawl Stone Soup version 0.23.2-40-g277498a001 (webtiles) character file.

Game seed: 17416136929152151494

259 MalarOregon the Conjurer (level 5, -2/44 HPs)
             Began as a Draconian Conjurer on Sept 19, 2019.
             Slain by Grinder (7 damage)
             ... on level 3 of the Dungeon.
             The game lasted 00:05:08 (2270 turns).

MalarOregon the Conjurer (Draconian Conjurer)       Turns: 2270, Time: 00:05:09

Health: -2/44      AC:  5    Str: 10    XL:     5   Next: 95%
Magic:  5/19       EV: 13    Int: 17    God:
Gold:   60         SH:  0    Dex: 11    Spells: 9/10 levels left

rFire    . . .     SeeInvis .   m - +0 short sword (flame)
rCold    . . .     Gourm    .   (no shield)
rNeg     . . .     Faith    .   (armour unavailable)
rPois    +         Spirit   .   (helmet restricted)
rElec    .         Reflect  .   (no cloak)
rCorr    .         Harm     .   (no gloves)
MR       .....                  (no boots)
Stlth    ++........             (no amulet)
HPRegen  0.14/turn              a - ring of poison resistance
MPRegen  0.16/turn              i - ring of magical power

@: no status effects
A: unfitting armour, cold-blooded, AC +5
a: no special abilities


You were on level 3 of the Dungeon.
You were not hungry.

You visited 1 branch of the dungeon, and saw 3 of its levels.

You collected 60 gold pieces.

Inventory:

Hand Weapons
 m - a +0 short sword of flaming (weapon)
   (You took it off a kobold on level 2 of the Dungeon)
 o - a +2 hunting sling of flaming
   (You took it off a goblin on level 3 of the Dungeon)
Jewellery
 a - a ring of poison resistance (left hand)
   (You found it on level 1 of the Dungeon)
 i - a ring of magical power (right hand)
   (You found it on level 1 of the Dungeon)
 p - a cursed -2 ring of dexterity {unknown}
   (You found it on level 3 of the Dungeon)
Scrolls
 f - 4 scrolls of identify {unknown}
 g - a scroll of amnesia {unknown}
 h - a scroll of blinking {unknown}
 k - a scroll of immolation {unknown}
 l - a scroll of enchant weapon {unknown}
Potions
 b - a potion of magic {unknown}
 c - a potion of invisibility {unknown}
 j - a potion of curing {@q1}
 n - a potion of might {unknown}
Comestibles
 d - 5 chunks of flesh
 e - a ration {!d}


   Skills:
 + Level 2.9 Fighting
 + Level 3.1 Dodging
 - Level 1.7 Stealth
 + Level 3.3 Spellcasting
 + Level 4.9 Conjurations


You had 9 spell levels left.
You knew the following spells:

 Your Spells              Type           Power        Failure   Level  Hunger
a - Magic Dart            Conj           ###.         2%          1    None

Your spell library contained the following spells:

 Spells                   Type           Power        Failure   Level  Hunger
 Searing Ray              Conj           ###...       3%          2    ##.....
 Dazzling Spray           Conj/Hex       ##....       19%         3    ###....
 Iskenderun's Mystic Bla  Conj           ###.....     22%         4    ####...
 Force Lance              Conj/Tloc      ##......     52%         4    ####...
 Fulminant Prism          Conj/Hex       ##........   52%         4    ####...


Dungeon Overview and Level Annotations

Branches:
Dungeon (3/15)

Altars:

Annotations:
D:3 Grinder


Innate Abilities, Weirdness & Mutations

Your plain brown scales are hard. (AC +5)
You cannot fit into any form of body armour.
You are cold-blooded and may be slowed by cold attacks.


Message History

Things that are here:
a +0 scythe; a +0 robe Grinder comes into view.
Grinder gestures at you. You resist with significant effort.
Aim: Grinder The magic dart hits Grinder but does no damage.
Aim: Grinder The magic dart hits Grinder but does no damage.
Your magical contamination has completely faded away.
Aim: Grinder The magic dart hits Grinder.
You can't see any susceptible monsters within range! (Use Z to cast anyway.)
You aren't carrying any items that you can evoke.
Wield which item (- for none, * to show all)? (? for menu, Esc to quit)
Okay, then.
Grinder is too close now for your liking.
Aim: Grinder (lightly wounded)
The magic dart hits Grinder.
Aim: Grinder (lightly wounded)
The magic dart hits Grinder.
Grinder gestures at you. Pain shoots through your body!
Aim: Grinder (moderately wounded)
The magic dart hits Grinder.
Grinder barely misses you.
Aim: Grinder (heavily wounded)
The magic dart hits Grinder but does no damage.
Grinder gestures at you. Pain shoots through your body!
* * * LOW HITPOINT WARNING * * *
Aim: Grinder (moderately wounded)
The magic dart hits Grinder.
Grinder drinks a potion.
Grinder is healed!
You are too injured to fight recklessly!
You completely miss Grinder. Grinder hits you but does no damage.
You closely miss Grinder. Grinder misses you.
You barely miss Grinder. Grinder hits you.
* * * LOW HITPOINT WARNING * * *
You writhe in agony.
* * * LOW HITPOINT WARNING * * *
Grinder gestures at you. Pain shoots through your body!
* * * LOW HITPOINT WARNING * * *
Grinder says, "FISH!"
You hear the rusting of a very distant drain.
Grinder says, "Just stop there for a second..."
Grinder gestures at you.
You barely resist.
Grinder blinks!
Grinder hits you!
You die...

######## #......#
##########
#.####.######.... ...#
#.####.^........####.##
#.##...)...............
#.##.#..#####...####.##
#.##.#..# ##...## #.#
#.##.#@.####...).###.#
#....5....÷..........#
####.#########.#######
###...## #.# #......#
#.# #§#...## #+#
#.##.## #.#### #.##.##
#


You could see Grinder.

Vanquished Creatures
  Sigmund (D:3)
  Jessica (D:2)
  Robin (D:3)
  An adder (D:3)
  5 dart slugs
  2 leopard geckos (D:1)
  An orc (D:3)
  4 giant cockroaches (D:1)
  13 goblins
  10 hobgoblins
  6 kobolds
  6 bats
  2 frilled lizards (D:1)
  4 rats
57 creatures vanquished.

Notes
Turn   | Place    | Note
-------+----------+-------------------------------------------
     0 | D:1      | MalarOregon the Draconian Conjurer began the quest for the
                  | Orb.
     0 | D:1      | Reached XP level 1. HP: 14/14 MP: 3/3
   480 | D:1      | Reached XP level 2. HP: 22/22 MP: 3/5
   679 | D:1      | Reached skill level 1 in Fighting
   924 | D:1      | Reached XP level 3. HP: 28/28 MP: 2/6
  1640 | D:2      | Noticed Jessica
  1646 | D:2      | Killed Jessica
  1646 | D:2      | Reached XP level 4. HP: 31/36 MP: 8/8
  2062 | D:3      | Noticed Robin
  2069 | D:3      | Killed Robin
  2185 | D:3      | Noticed Sigmund
  2217 | D:3      | Killed Sigmund
  2217 | D:3      | Reached XP level 5. HP: 26/44 MP: 4/10
  2231 | D:3      | Noticed Grinder
  2243 | D:3      | HP: 1/44 [Grinder/nerve-wracking pain (11)]
  2270 | D:3      | Slain by Grinder

Skill      XL: |  1  2  3  4 |
---------------+-------------+-----
Dodging        | 2 3 |  3.1
Fighting       | 1 2 |  2.9
Spellcasting   | 3 |  3.3
Stealth        | |  1.7
Conjurations   | |  4.9

Action                   |  1- 3 |  4- 6 || total
-------------------------+-------+-------++-------
Melee: Unarmed           |    42 |       ||    42
       Dagger            |     9 |       ||     9
       Tailslap          |     6 |       ||     6
       Short sword       |     4 |     9 ||    13
 Cast: Magic Dart        |    74 |    53 ||   127
  Eat: Chunk             |     3 |     2 ||     5
Armor: Skin              |    14 |     5 ||    19
Dodge: Dodged            |    36 |    16 ||    52
